AoeStats
← Cerdito

Arabia

506861282Analyzed
2v2 RM · 16d ago on Sep 15, 2026· 27m 51s· 4 players
Game mode
Random Map
Map size
Medium (4 player)
Population
200
Speed
Normal
Resources
Standard
Victory
Conquest
Starting age
Dark Age
Ending age
Imperial Age
RankedLock teamsTeams togetherTeam positionsShared explorationLock speedFull tech treeHidden civsTurbo modeCheats
Victory
Defeat
🇨🇦 Romans · Canada
1031
+17
🇨🇦 Magyars · Canada
999
+19
🇨🇳 Slavs · China
1151
-22
🇨🇳 Shu · China
961
-14
Weebi
6:30 Loom
9:00 Feudal Age
9:42 Double-Bit Axe
10:21 Horse Collar
15:02 Man-at-Arms
16:32 Scale Mail Armor
21:28 Castle Age
19:50 Gold Mining
22:02 Forging
22:40 Bow Saw
23:06 Long Swordsman
24:15 Chain Mail Armor
25:36 Wheelbarrow
IIYYII
3:59 Loom
4:05 Loom
11:13 Feudal Age
14:22 Arson
20:49 Castle Age
20:05 Fletching
21:07 Padded Archer Armor
21:13 Horse Collar
21:20 Double-Bit Axe
21:41 Bodkin Arrow
23:55 Heavy Plow
25:58 Leather Archer Armor
26:00 Bow Saw
27:10 Bloodlines
28:12 Wheelbarrow
28:18 Ballistics
Cerdito
6:37 Loom
8:47 Feudal Age
9:16 Double-Bit Axe
10:28 Horse Collar
20:19 Castle Age
18:51 Scale Barding Armor
20:01 Bloodlines
20:03 Forging
20:36 Forging
21:57 Bow Saw
21:50 Heavy Plow
22:44 Husbandry
24:54 Wheelbarrow
24:52 Gold Mining
27:16 Hand Cart
27:12 Stone Mining
28:03 Town Watch
qbe
8:52 Loom
10:50 Feudal Age
16:24 Castle Age
14:37 Double-Bit Axe
15:12 Horse Collar
16:53 Fletching
23:50 Bow Saw
24:21 Wheelbarrow
23:33 Town Watch
26:36 Bodkin Arrow
28:30 Ballistics
Connection lost

Rejoining the realm…

Still unreachable

The connection could not be restored.

Session expired

The server has moved on; the page needs a fresh start.